[Event "4th Nikity Blitz 2024"]
[Site "Niteroi"]
[Date "2024.08.31"]
[Round "1.2"]
[White "Quintiliano, Renato R."]
[Black "Dias, Bruno Leonardo Do N."]
[Result "1-0"]
[ECO "A54"]
[WhiteElo "2499"]
[BlackElo "2095"]
[Annotator "TA"]
[PlyCount "38"]
[EventDate "2024.08.28"]
[EventType "swiss"]
[EventCountry "BRA"]
[SourceTitle "playchess.com"]
[Source "ChessBase"]
[SourceQuality "1"]
[TimeControl "180+2"]

1. Nf3 Nf6 2. c4 d6 3. d4 Nbd7 4. Nc3 e5 5. Bg5 Be7 6. e3 O-O 7. Qc2 c6 8. Bd3 Qc7 {[%emt 0:00:02] [#]} (8... h6 $11 {remains equal.} 9. Bh4 Nh5 10. Bxe7 Qxe7) 9. Bxh7+ $1 Nxh7 10. Bxe7 Re8 {[%emt 0:00:12] White is slightly better.} 11. Bh4 exd4 (11... g5 $1 $14) 12. Nxd4 $16 Ne5 (12... Nb6 $16) 13. b3 $18 a5 14. O-O g6 15. Rad1 d5 (15... f5 {is a better defense.} 16. f4 Ng4) 16. cxd5 cxd5 17. Nxd5 Qxc2 18. Nxc2 Bf5 19. Nd4 Rac8 {[%emt 0:00:11] Weighted Error Value: White=0.02 (flawless) /Black=0.59.  Mistake:       	---       	Black=3      Inaccurate:     	---       	Black=2      OK:         	White=6     	Black=2      Best:        	White=1     	---} 1-0

[Event "4th Nikity Blitz 2024"]
[Site "Niteroi"]
[Date "2024.08.31"]
[Round "1.3"]
[White "Lopes, Eduardo Moraes"]
[Black "Perdomo, Leandro"]
[Result "0-1"]
[ECO "C55"]
[WhiteElo "1933"]
[BlackElo "2359"]
[Annotator "RC"]
[PlyCount "38"]
[EventDate "2024.08.28"]
[EventType "swiss"]
[EventCountry "BRA"]
[SourceTitle "playchess.com"]
[Source "ChessBase"]
[SourceQuality "1"]
[TimeControl "180+2"]

1. e4 e5 2. Nf3 Nc6 3. Bc4 Nf6 4. d3 h6 5. O-O d6 6. c3 g5 7. Nbd2 Bg7 8. Bb3 Nh5 9. Nc4 Nf4 10. Bxf4 gxf4 11. h3 Qf6 12. d4 exd4 13. e5 dxe5 14. Ncxe5 Nxe5 15. Nxe5 O-O 16. cxd4 c5 17. Re1 cxd4 18. Qxd4 f3 19. gxf3 Bxh3 0-1

[Event "4th Nikity Blitz 2024"]
[Site "Niteroi"]
[Date "2024.08.31"]
[Round "1.4"]
[White "Santiago, Yago De Moura"]
[Black "Dos Santos, Thiago L Verbicario"]
[Result "1-0"]
[ECO "E18"]
[WhiteElo "2455"]
[BlackElo "1897"]
[Annotator "RC"]
[PlyCount "41"]
[EventDate "2024.08.28"]
[EventType "swiss"]
[EventCountry "BRA"]
[SourceTitle "playchess.com"]
[Source "ChessBase"]
[SourceQuality "1"]
[TimeControl "180+2"]

1. d4 Nf6 2. c4 e6 3. Nc3 d5 4. Nf3 Be7 5. g3 O-O 6. Bg2 b6 7. O-O Bb7 8. cxd5 exd5 9. Bf4 Nbd7 10. Rc1 c5 11. e3 a6 12. Ne5 cxd4 13. exd4 Rc8 14. h4 Re8 15. Re1 Nf8 16. h5 h6 17. Bh3 Ne6 18. Nxf7 Kxf7 19. Bxe6+ Kf8 20. Qd3 Nxh5 21. Qg6 1-0

[Event "4th Nikity Blitz 2024"]
[Site "Niteroi"]
[Date "2024.08.31"]
[Round "2.1"]
[White "Garcia, Julio Cesar de Paiva"]
[Black "Mekhitarian, Krikor Sevag"]
[Result "0-1"]
[ECO "B44"]
[WhiteElo "2004"]
[BlackElo "2560"]
[Annotator "TA"]
[PlyCount "57"]
[EventDate "2024.08.28"]
[EventType "swiss"]
[EventCountry "BRA"]
[SourceTitle "playchess.com"]
[Source "ChessBase"]
[SourceQuality "1"]
[TimeControl "180+2"]

1. e4 c5 2. Nf3 Nc6 3. d4 cxd4 4. Nxd4 e6 5. Nb5 d6 6. c4 a6 7. N5c3 b6 8. Be2 Bb7 9. O-O Nf6 10. Be3 Ne5 11. f3 Qc7 12. Na3 Be7 13. Rc1 O-O 14. Qd2 Rac8 15. Rfd1 Rfe8 16. Kh1 Red8 17. Bf1 h5 {[%emt 0:00:06][%cal Bh7h5,Bh5h4,Bh4h3][%mdl 32] White is slightly better.} 18. Qf2 Ned7 19. Nc2 Re8 20. Nd4 h4 21. b4 ({Much weaker is} 21. Qxh4 Nxe4 22. Qh3 Nxc3 23. Rxc3 Bf6 $11) 21... Ne5 22. Na4 ({Don't play} 22. Qxh4 Nxe4 23. Qh3 Nxc3 24. Rxc3 Bf6 $11) 22... h3 23. c5 $2 (23. gxh3 $14 Bd8 24. b5) 23... dxc5 $17 24. bxc5 {[%emt 0:00:01] [#] aiming for c6.} bxc5 (24... hxg2+ 25. Qxg2 bxc5 26. Be2) 25. Nb3 {[%emt 0:00:01][%cal Ra4c5] Repels Qa5} hxg2+ $40 {[%emt 0:00:30][%mdl 128] Black attacks with force.} 26. Bxg2 c4 27. Nbc5 (27. Nb6 $17 {might work better.}) 27... Rcd8 28. Nxb7 (28. Rf1 $17 {was worth a try.}) 28... Qxb7 $19 29. Nc3 {[%emt 0:00:08] Weighted Error Value: White=0.39/Black=0.13 (very precise) .  Mistake:       	White=4     	---        Inaccurate:     	White=1     	Black=2      OK:         	White=3     	Black=3} (29. Qc2 $142) 0-1

[Event "4th Nikity Blitz 2024"]
[Site "Niteroi"]
[Date "2024.08.31"]
[Round "2.2"]
[White "Mantelato, Davi Natali"]
[Black "Quintiliano, Renato R."]
[Result "0-1"]
[ECO "C11"]
[WhiteElo "1768"]
[BlackElo "2499"]
[Annotator "TA"]
[PlyCount "38"]
[EventDate "2024.08.28"]
[EventType "swiss"]
[EventCountry "BRA"]
[SourceTitle "playchess.com"]
[Source "ChessBase"]
[SourceQuality "1"]
[TimeControl "180+2"]

1. e4 e6 2. d4 d5 3. Nc3 Nf6 4. e5 Nfd7 5. Bb5 a6 6. Ba4 (6. Bxd7+ $1 $11 Bxd7 7. Nf3) 6... c5 7. Bxd7+ Bxd7 8. f4 (8. Nce2 $15) 8... cxd4 $17 9. Qxd4 Nc6 10. Qd1 Bc5 {[%emt 0:00:04] Dodges Be3} 11. Nf3 O-O {[%emt 0:00:03] Black is more active.} 12. Bd2 f6 {[%emt 0:00:01] [#] ...fxe5 is the strong threat.} 13. Qe2 fxe5 14. fxe5 (14. Nxe5 $17 {is a better defense.} Nxe5 15. Qxe5) 14... Be8 $19 {[%emt 0:00:34][%cal Of8f3] Threatens to win with ...Rxf3!} 15. Ng5 (15. O-O-O) 15... Nd4 16. Qd1 Bg6 17. Rc1 h6 18. Nf3 Nxf3+ 19. gxf3 Qh4+ {[%emt 0:00:01] Black took control after the opening.   Weighted Error Value: White=1.65/Black=0.12 (very precise) .  Mistake:       	White=3     	---        Inaccurate:     	White=2     	Black=1      OK:         	White=2     	Black=6      Best:        	---       	Black=1} 0-1

[Event "4th Nikity Blitz 2024"]
[Site "Niteroi"]
[Date "2024.08.31"]
[Round "2.3"]
[White "Perdomo, Leandro"]
[Black "Nejanky, Maisa"]
[Result "1-0"]
[ECO "E59"]
[WhiteElo "2359"]
[BlackElo "1968"]
[Annotator "RC"]
[PlyCount "24"]
[EventDate "2024.08.28"]
[EventType "swiss"]
[EventCountry "BRA"]
[SourceTitle "playchess.com"]
[Source "ChessBase"]
[SourceQuality "1"]
[TimeControl "180+2"]

1. d4 Nf6 2. c4 e6 3. Nc3 Bb4 4. e3 O-O 5. Bd3 d5 6. Nf3 c5 7. O-O Nc6 8. a3 Bxc3 9. bxc3 dxc4 10. Bxc4 Qc7 11. h3 e5 12. Bb2 Na5 1-0

[Event "4th Nikity Blitz 2024"]
[Site "Niteroi"]
[Date "2024.08.31"]
[Round "2.4"]
[White "Chaves, Jorge Antonio Torres"]
[Black "Santiago, Yago De Moura"]
[Result "0-1"]
[ECO "A80"]
[WhiteElo "1924"]
[BlackElo "2455"]
[Annotator "RC"]
[PlyCount "50"]
[EventDate "2024.08.28"]
[EventType "swiss"]
[EventCountry "BRA"]
[SourceTitle "playchess.com"]
[Source "ChessBase"]
[SourceQuality "1"]
[TimeControl "180+2"]

1. d4 e6 2. Nf3 f5 3. Bg5 Nf6 4. e3 Be7 5. h3 Ne4 6. Bxe7 Qxe7 7. c3 O-O 8. Nbd2 Nc6 9. Bd3 Nxd2 10. Qxd2 d6 11. Bc2 Bd7 12. d5 exd5 13. Qxd5+ Kh8 14. h4 Ne5 15. Nxe5 dxe5 16. Qd2 Bc6 17. f3 Rad8 18. Qf2 a5 19. O-O Rd6 20. Rfd1 Rh6 21. g3 g5 22. hxg5 Qxg5 23. Kg2 f4 24. Rh1 fxg3 25. Qxg3 Bxf3+ 0-1

[Event "4th Nikity Blitz 2024"]
[Site "Niteroi"]
[Date "2024.08.31"]
[Round "2.5"]
[White "Do Valle Cardoso, Lucas"]
[Black "Martins de Aguiar, Marina"]
[Result "1-0"]
[ECO "B45"]
[WhiteElo "2365"]
[BlackElo "1929"]
[Annotator "RC"]
[PlyCount "93"]
[EventDate "2024.08.28"]
[EventType "swiss"]
[EventCountry "BRA"]
[SourceTitle "playchess.com"]
[Source "ChessBase"]
[SourceQuality "1"]
[TimeControl "180+2"]

1. e4 c5 2. Nf3 e6 3. Nc3 Nc6 4. d4 cxd4 5. Nxd4 Nf6 6. Nxc6 bxc6 7. e5 Nd5 8. Ne4 Qc7 9. f4 Qb6 10. c4 Bb4+ 11. Ke2 f5 12. Nf2 Ba6 13. Kf3 Nc7 14. Be3 Bc5 15. Bxc5 Qxc5 16. Qd6 Qb6 17. Rd1 O-O-O 18. b3 Ne8 19. Qa3 c5 20. Kg3 Bb7 21. Be2 g5 22. fxg5 f4+ 23. Kh3 Rg8 24. Nd3 Rxg5 25. Qxc5+ Qxc5 26. Nxc5 Bxg2+ 27. Kh4 h6 28. Rhg1 Ng7 29. Bg4 f3 30. Ne4 Rxe5 31. Nd6+ Kc7 32. Nf7 Re4 33. Nxd8 Nf5+ 34. Kh5 Kxd8 35. Bxf5 exf5 36. Kxh6 Rg4 37. Rd2 f4 38. Kh5 Rg7 39. c5 Ke7 40. Re1+ Kd8 41. c6 Kc7 42. cxd7 Rxd7 43. Rc1+ Kd8 44. Rcc2 Ke7 45. Rxd7+ Kxd7 46. Kg5 Ke6 47. Kxf4 1-0

[Event "4th Nikity Blitz 2024"]
[Site "Niteroi"]
[Date "2024.08.31"]
[Round "3.1"]
[White "Mekhitarian, Krikor Sevag"]
[Black "Souza, Iago Henrique da Sil"]
[Result "1-0"]
[ECO "D35"]
[WhiteElo "2560"]
[BlackElo "2036"]
[Annotator "TA"]
[PlyCount "129"]
[EventDate "2024.08.28"]
[EventType "swiss"]
[EventCountry "BRA"]
[SourceTitle "playchess.com"]
[Source "ChessBase"]
[SourceQuality "1"]
[TimeControl "180+2"]

1. Nf3 Nf6 2. c4 e6 3. Nc3 d5 4. d4 Be7 5. cxd5 exd5 6. Bf4 O-O 7. e3 c6 8. h3 Bf5 9. Nh4 Be6 10. Bd3 a5 11. Nf3 Bd6 12. Ne5 Qe7 13. Bg3 Na6 14. O-O (14. Bh4 $5) 14... Rae8 $2 ({Black should play} 14... Nd7 $14) 15. a3 (15. Bxa6 $18 {Hoping for Bd3.} bxa6 16. Nxc6) 15... Bc8 (15... Bxe5 $16 {was necessary.} 16. Bxe5 (16. dxe5 Nd7 $16) 16... Ra8) 16. Qc2 $2 (16. Bxa6 $18 {And now Bd3 would win.} bxa6 17. Nxc6) 16... g6 $2 (16... Nc5 $1 $14) 17. Bxa6 $18 bxa6 18. Nxc6 Qc7 19. Bxd6 Qxd6 20. Ne5 Bf5 21. Qa4 Rb8 22. b4 axb4 23. axb4 Rxb4 24. Qxa6 Rb6 25. Qa5 Rc8 26. Na4 $2 (26. g4 $18 Be6 27. Rfe1) 26... Ra6 $11 27. Qb5 $1 Rca8 $1 28. Ra2 Bd7 (28... Ne4 $1 $11 29. Rfa1 h5) 29. Nxd7 $16 Qxd7 30. Qxd7 Nxd7 31. Rfa1 Nb6 32. Nc3 (32. Nxb6 $6 Rxa2 33. Rxa2 Rxa2 $14) 32... Rxa2 33. Rxa2 (33. Nxa2 Nc4 $11) 33... Rxa2 34. Nxa2 Kf8 35. Nc3 Ke7 36. g4 f6 37. Kg2 Ke6 38. Kg3 Nc4 39. Ne2 g5 (39... Kd6 $142 40. Kg2 Nd2) 40. Nc1 Nd2 41. f3 Nc4 42. Kf2 f5 $2 (42... Nb6 {might work better.} 43. e4 Nc8) 43. Nd3 fxg4 $2 (43... Nd6 44. Nb4 fxg4) 44. hxg4 $18 ({Less strong is} 44. fxg4 h6 45. Nc5+ Ke7 $16) 44... Nd6 45. Nc5+ Kf6 46. Na6 Nb5 47. Nb4 Ke6 48. Nd3 Nd6 $1 49. Ke2 Ne8 50. e4 dxe4 $2 (50... Ng7 51. Ke3 dxe4 52. fxe4 h5) 51. fxe4 $18 Nf6 52. Kf3 h5 53. gxh5 Nxh5 54. Nf2 Nf6 55. Ng4 Nd7 56. Ne3 $2 (56. Ke3 {aiming for d5+.} Nb6 57. Kd3) 56... Nf6 $18 57. e5 $2 (57. Nc4 $18) 57... Nd7 $2 (57... Nh5 $11 58. Ke4 (58. Kg4 Nf4 $16) 58... Ng3+ 59. Kd3 Nh5) 58. Ke4 Nb6 59. d5+ Kf7 60. Kf5 g4 61. Kxg4 ({Stronger than} 61. Nxg4 Nxd5 62. e6+ Ke7 $11) 61... Nxd5 62. Nxd5 Ke6 63. Kf4 $1 Kxd5 64. Kf5 Kc6 65. Ke4 $2 (65. e6 {mates} Kd6 66. Kf6 Kc7 67. e7 Kd7 68. Kf7 Kd6 69. e8=Q (69. e8=B Ke5 $11) 69... Kc5 70. Qa4) 1-0

[Event "4th Nikity Blitz 2024"]
[Site "Niteroi"]
[Date "2024.08.31"]
[Round "3.2"]
[White "Porto, Cristiano Nogueira"]
[Black "Quintiliano, Renato R."]
[Result "0-1"]
[ECO "B22"]
[WhiteElo "2217"]
[BlackElo "2499"]
[Annotator "TA"]
[PlyCount "58"]
[EventDate "2024.08.28"]
[EventType "swiss"]
[EventCountry "BRA"]
[SourceTitle "playchess.com"]
[Source "ChessBase"]
[SourceQuality "1"]
[TimeControl "180+2"]

1. e4 c5 2. c3 Nf6 3. e5 Nd5 4. d4 cxd4 5. Nf3 e6 6. cxd4 d6 7. a3 Bd7 8. Bd3 Bc6 9. O-O Nd7 10. Qe2 Be7 11. Rd1 Rc8 12. Bd2 Qb6 13. Nc3 {[%emt 0:00:26] The position is equal.} dxe5 14. dxe5 Qxb2 $2 (14... O-O $11) 15. Nxd5 (15. Nb5 $16 {And now Rdb1 would win.} Qb3 16. a4 (16. Nxa7 Ra8 $14)) 15... Bxd5 $11 16. Bb5 {[%emt 0:00:50] Threatens to win with Rdb1.} Bc6 (16... Bxa3 $2 17. Qd3 Qb3 18. Qxb3 Bxb3 19. Rdb1 $18) 17. Bxc6 bxc6 18. Qa6 (18. Rdb1 $5 Qc2 $8 19. Rb7 $14) 18... O-O 19. Qxa7 Rcd8 {[%emt 0:00:00] [#]} (19... Rfd8 $11 {remains equal.}) 20. Rdb1 (20. Be3 $1 $16) 20... Qc2 21. Rc1 Qe4 (21... Qd3 $5) 22. Qe3 Qd5 23. Bc3 Bc5 24. Qe2 Nb6 (24... Ra8 $14) 25. Rd1 ({White should try} 25. a4 $16) 25... Qb3 26. Rdc1 (26. Bd2 $11) 26... Nd5 {[%emt 0:00:08] Black is much more active.} (26... Bxa3 $17 27. Rab1 Qc4 28. Qxc4 Nxc4) 27. Bd4 $2 (27. Be1 $11 {and White has nothing to worry.} Nf4 (27... Bxa3 $2 28. Rcb1 $18) 28. Qc4 Qxc4 29. Rxc4) 27... Nf4 $19 (27... Bxa3 28. Rcb1 Nc3 29. Qd3 $11) 28. Qe4 (28. Qe3 Qxe3 29. fxe3 Ne2+ 30. Kf2 Nxc1 (30... Bxd4 $2 31. exd4 Nxc1 32. Rxc1 $19) 31. Rxc1 Bxa3 32. Rxc6) 28... Bxd4 (28... Bxa3 $2 {loses.} 29. Rcb1 (29. Qxf4 Bxc1 30. Rxc1 Rd5 $16) (29. Rxc6 Nd5 $11) 29... Qc4 30. Qxf4 $18) 29. Nxd4 {[%emt 0:00:02] [#]} (29. Rab1 $142 Bxf2+ (29... Qxa3 30. Qxf4 c5 31. Qe4 $17) (29... Qa4 $2 30. Kh1 $19) 30. Kxf2 Qa2+ (30... Qxa3 $2 {is the wrong capture.} 31. Qxf4 c5 32. Rb5 $18) 31. Qc2 Nd3+ (31... Qxa3 $2 32. Ra1 $19) 32. Kg3 Nxc1 33. Qxc1) 29... Rxd4 $1 {[%emt 0:00:02][%mdl 512] Weighted Error Value: White=0.86/Black=0.36.  Loses game:     	White=1     	---        Mistake:       	White=6     	Black=4      Inaccurate:     	White=1     	Black=2      OK:         	White=5     	Black=4      Best:        	---       	Black=2      Brilliant:      	---       	Black=1} 0-1

[Event "4th Nikity Blitz 2024"]
[Site "Niteroi"]
[Date "2024.08.31"]
[Round "3.3"]
[White "Lage, Pedro Ferreira"]
[Black "Perdomo, Leandro"]
[Result "0-1"]
[ECO "A45"]
[WhiteElo "2132"]
[BlackElo "2359"]
[Annotator "RC"]
[PlyCount "70"]
[EventDate "2024.08.28"]
[EventType "swiss"]
[EventCountry "BRA"]
[SourceTitle "playchess.com"]
[Source "ChessBase"]
[SourceQuality "1"]
[TimeControl "180+2"]

1. d4 Nf6 2. Bg5 g6 3. Bxf6 exf6 4. c4 d5 5. cxd5 Qxd5 6. Nc3 Qd8 7. e3 Nd7 8. g3 Bd6 9. Bg2 f5 10. Nge2 h5 11. h4 c6 12. Rc1 Nb6 13. Nf4 Bxf4 14. exf4 O-O 15. O-O Be6 16. Na4 Nxa4 17. Qxa4 Bd5 18. Bxd5 Qxd5 19. Rc5 Qd6 20. Rfc1 Rfd8 21. Qb3 Rd7 22. d5 cxd5 23. Rb5 b6 24. Rd1 d4 25. Re5 Rc8 26. Qd3 Qc6 27. Rde1 Kg7 28. Re7 Rcc7 29. Re8 Rd5 30. R1e7 Rxe7 31. Rxe7 Qc1+ 32. Kg2 a5 33. Qb3 Qc6 34. Qd3 Re5+ 35. Kh2 Rxe7 0-1

[Event "4th Nikity Blitz 2024"]
[Site "Niteroi"]
[Date "2024.08.31"]
[Round "3.4"]
[White "Santiago, Yago De Moura"]
[Black "Rodrigues Mota, Romulo Cardoso S"]
[Result "1-0"]
[ECO "E49"]
[WhiteElo "2455"]
[BlackElo "2110"]
[Annotator "RC"]
[PlyCount "51"]
[EventDate "2024.08.28"]
[EventType "swiss"]
[EventCountry "BRA"]
[SourceTitle "playchess.com"]
[Source "ChessBase"]
[SourceQuality "1"]
[TimeControl "180+2"]

1. d4 Nf6 2. c4 e6 3. Nc3 Bb4 4. e3 O-O 5. Bd3 d5 6. a3 Bxc3+ 7. bxc3 c5 8. cxd5 exd5 9. Ne2 Nc6 10. O-O b6 11. Ng3 Re8 12. a4 a5 13. Rb1 Ba6 14. Bxa6 Rxa6 15. dxc5 bxc5 16. Rb5 c4 17. Ba3 Qd7 18. Qb1 Na7 19. Rb7 Qxa4 20. Bc5 Nc8 21. Nf5 Qc6 22. Bd4 Nd6 23. Nxd6 Qxd6 24. Qb5 Qc6 25. Bxf6 Qxf6 26. Qxe8# 1-0

[Event "4th Nikity Blitz 2024"]
[Site "Niteroi"]
[Date "2024.08.31"]
[Round "3.5"]
[White "Da Cunha, Fabio Barbosa"]
[Black "Do Valle Cardoso, Lucas"]
[Result "0-1"]
[ECO "B74"]
[WhiteElo "2034"]
[BlackElo "2365"]
[Annotator "RC"]
[PlyCount "70"]
[EventDate "2024.08.28"]
[EventType "swiss"]
[EventCountry "BRA"]
[SourceTitle "playchess.com"]
[Source "ChessBase"]
[SourceQuality "1"]
[TimeControl "180+2"]

1. e4 c5 2. Nf3 d6 3. d4 cxd4 4. Nxd4 Nf6 5. Nc3 Nc6 6. Be2 g6 7. Be3 Bg7 8. O-O O-O 9. Nb3 a6 10. a4 Na5 11. Nd4 Bd7 12. f4 Rc8 13. h3 Rxc3 14. bxc3 Nxe4 15. Qe1 Qc7 16. f5 Qxc3 17. Qxc3 Nxc3 18. Bf3 Nc4 19. Bf2 gxf5 20. Rae1 e5 21. Ne2 e4 22. Bh5 Nd2 23. Nxc3 Bxc3 24. Rd1 Nxf1 25. Kxf1 Be5 26. a5 Rc8 27. Rd2 f4 28. Bh4 e3 29. Rd1 Rxc2 30. Kg1 Bc6 31. Bf3 e2 32. Re1 Bxf3 33. gxf3 Bd4+ 34. Kg2 Bc3 35. Rg1 e1=Q+ 0-1

[Event "4th Nikity Blitz 2024"]
[Site "Niteroi"]
[Date "2024.08.31"]
[Round "4.1"]
[White "Do Valle Cardoso, Lucas"]
[Black "Mekhitarian, Krikor Sevag"]
[Result "1-0"]
[ECO "B33"]
[WhiteElo "2365"]
[BlackElo "2560"]
[Annotator "TA"]
[PlyCount "85"]
[EventDate "2024.08.28"]
[EventType "swiss"]
[EventCountry "BRA"]
[SourceTitle "playchess.com"]
[Source "ChessBase"]
[SourceQuality "1"]
[TimeControl "180+2"]

1. e4 c5 2. Nf3 Nc6 3. Nc3 Nf6 4. d4 cxd4 5. Nxd4 e5 6. Ndb5 d6 7. Bg5 a6 8. Na3 b5 9. Nd5 Be7 10. Bxf6 Bxf6 11. c3 Bg5 12. Nc2 Rb8 13. Qd3 O-O 14. Be2 Be6 15. Nce3 g6 16. O-O f5 {[%emt 0:00:03] The position is equal.} 17. exf5 gxf5 18. f4 Bh6 19. Rad1 e4 {[%emt 0:00:18] Against Rf3} 20. Qd2 Rb7 {[%emt 0:00:06] [#]} 21. a4 $1 bxa4 (21... Bg7 22. g4) 22. Bxa6 Ra7 {[%emt 0:00:03] Black is on the road to losing.} 23. Bb5 $36 {[%emt 0:00:21][%mdl 2048] Keeping Black busy.} Nb8 (23... Ne7 $16 {was necessary.}) 24. Kh1 Bg7 25. Nb4 Qb6 (25... a3 $16 {was worth a try.} 26. bxa3 (26. Qxd6 $2 {loses.} Qxd6 27. Rxd6 axb2 $19) 26... Rxa3) 26. Qxd6 $18 Qxd6 27. Rxd6 Bc8 (27... Bb3 {is a better defense.} 28. Ra1 a3 29. Rxa3 Rxa3 30. bxa3 Bxc3) 28. Rfd1 a3 {[%emt 0:00:00] Black is weak on the light squares} 29. bxa3 Bxc3 30. Nbd5 Ba5 31. a4 Kh8 32. g3 Rd8 33. Rxd8+ Bxd8 34. Kg2 Be6 35. Kh3 Kg7 36. Rc1 (36. Nc2 $18 {[%cal Oc2d4] Nd4! is the strong threat.} Kf7 37. Nce3) 36... h6 (36... Kf7 $16 {was called for.} 37. Rd1 Rb7) 37. Rc5 (37. Kg2 $18) 37... Nd7 (37... Kf7 $16 {keeps fighting.} 38. Bc4 Rxa4) 38. Rc6 Bf7 {[%emt 0:00:02] [#]} (38... Kf7 39. Rd6 Be7 40. Nxe7 Kxe7) 39. Rd6 {[%emt 0:00:01] White is clearly winning.} Be8 40. Nxf5+ {[%emt 0:00:01] Excellent horsemanship.} Kf8 41. Rxh6 Nf6 42. Nxf6 Bxb5 43. axb5 {[%emt 0:00:01] Weighted Error Value: White=0.19 (very precise) /Black=0.35.  Mistake:       	White=2     	Black=6      Inaccurate:     	---       	Black=2      OK:         	White=9     	Black=3      Best:        	White=1     	---} 1-0

[Event "4th Nikity Blitz 2024"]
[Site "Niteroi"]
[Date "2024.08.31"]
[Round "4.2"]
[White "Quintiliano, Renato R."]
[Black "Di Berardino, Diego Rafael"]
[Result "1-0"]
[ECO "A33"]
[WhiteElo "2499"]
[BlackElo "2472"]
[Annotator "TA"]
[PlyCount "87"]
[EventDate "2024.08.28"]
[EventType "swiss"]
[EventCountry "BRA"]
[SourceTitle "playchess.com"]
[Source "ChessBase"]
[SourceQuality "1"]
[TimeControl "180+2"]

1. Nf3 c5 2. c4 Nf6 3. Nc3 Nc6 4. d4 cxd4 5. Nxd4 e6 6. g3 Qb6 7. Nb3 Ne5 8. e4 Bb4 9. Qe2 d6 $1 10. Bd2 Bd7 (10... O-O $11) 11. f4 $1 $16 {[%emt 0:00:14] Black must now prevent Be3.} Nc6 (11... Ng6 $14) 12. Be3 $2 (12. e5 $1 $16 dxe5 13. fxe5 Nxe5 14. Qxe5) 12... Bxc3+ $11 13. bxc3 Qc7 14. Bg2 O-O 15. Rd1 Rfd8 16. O-O b6 (16... e5 $11 {remains equal.}) 17. g4 (17. e5 $1 $16 Ne8 (17... dxe5 18. fxe5 Qxe5 19. Rxd7 $16) 18. Nd4) 17... Rac8 18. g5 Ne8 19. Rf3 Ne7 20. Nd2 Ng6 21. Rh3 Nf8 22. Rf1 ({White should try} 22. Qf2 $11) 22... Bc6 (22... d5 $1 $15) 23. Qg4 Bb7 (23... Qd7 $11) 24. f5 $14 {[%emt 0:00:04] Hoping for fxe6.} exf5 25. exf5 Bxg2 (25... d5 $14) 26. Qxg2 $16 (26. Kxg2 $6 d5 $14) 26... d5 {[%emt 0:00:01] Inhibits Ne4.} 27. Bd4 (27. cxd5 $16 {Ne4 would now be deadly.} Qb7 28. c4) 27... dxc4 $14 {[%emt 0:00:06] [#]} 28. g6 fxg6 $11 29. fxg6 Nxg6 30. Qg5 {[%emt 0:00:07] [#]} (30. Ne4 $15 Qc6 31. Qf3) 30... Rxd4 $1 31. cxd4 {[%emt 0:00:01] Strongly threatening Qd5+.} c3 $2 {[%emt 0:00:04] [#]} (31... Qd7 $17 {keeps the pressure on.} 32. Re3 Nf6 (32... Qxd4 33. Nf3 $15)) 32. Ne4 $40 {[%emt 0:00:04][%mdl 128] White mounts an attack.} ({White must play} 32. Qd5+ $1 $16 Kh8 33. Ne4) 32... Qd7 33. Nxc3 $2 Qxd4+ $2 (33... Qxh3 $19 34. Qd5+ Kh8) 34. Qe3 $14 {[%emt 0:00:03] Dancing on a razor blade.} Qg4+ 35. Rg3 {[%emt 0:00:01][%mdl 1024] White has strong compensation.} Qd7 36. Ne4 Nc7 37. Qb3+ Kh8 $1 38. Ng5 {[%emt 0:00:02] White is much more active.} (38. Rd1 {simplifies} Qe6 39. Nd6 Rf8 40. Qxe6 Nxe6 41. Ra3) 38... h6 $2 {[%emt 0:00:03][%mdl 8192] [#]} (38... Nd5 $14) 39. Nf7+ $1 $18 Kh7 40. Qe3 (40. Rxg6 $18 {[%cal Ob3c3] White threatens Qc3! and mate.} Qd4+ 41. Kh1 Qd5+ 42. Qxd5 Nxd5 43. Rfg1) 40... Nd5 (40... Re8 $11 41. Qf2 (41. Qd3 Qxd3 42. Rxd3 Re2 $11) 41... Re7) 41. Qe4 $16 Ndf4 42. Rxf4 $18 Rc1+ 43. Kg2 Qd2+ 44. Rf2 {[%emt 0:00:01] White used his chance.   Weighted Error Value: White=0.64/Black=0.80.  Loses game:     	White=1     	Black=2      Missed win:     	---       	Black=1      Mistake:       	White=7     	Black=7      Inaccurate:     	White=3     	Black=2      OK:         	White=7     	Black=8      Best:        	White=1     	Black=2      Strong:       	White=2     	Black=1} 1-0

[Event "4th Nikity Blitz 2024"]
[Site "Niteroi"]
[Date "2024.08.31"]
[Round "4.3"]
[White "Perdomo, Leandro"]
[Black "Rangel, Daniel"]
[Result "1-0"]
[ECO "D36"]
[WhiteElo "2359"]
[BlackElo "2198"]
[Annotator "RC"]
[PlyCount "47"]
[EventDate "2024.08.28"]
[EventType "swiss"]
[EventCountry "BRA"]
[SourceTitle "playchess.com"]
[Source "ChessBase"]
[SourceQuality "1"]
[TimeControl "180+2"]

1. d4 Nf6 2. c4 e6 3. Nc3 d5 4. Bg5 c6 5. e3 Nbd7 6. cxd5 exd5 7. Bd3 Be7 8. Qc2 O-O 9. Nf3 Re8 10. O-O Nf8 11. h3 Nh5 12. Bxe7 Qxe7 13. Rab1 a5 14. Rbe1 g6 15. Na4 Qf6 16. Ne5 Nd7 17. f4 Ng7 18. Ng4 Qd8 19. f5 gxf5 20. Bxf5 Nxf5 21. Qxf5 Qe7 22. Nh6+ Kg7 23. Qg4+ Kh8 24. Nxf7+ 1-0